 Dungeon Crawl Stone Soup version 0.24.0-1-gfbc8707 (webtiles) character file.

Game seed: 3646366228228212746, levelgen mode: deterministic

96 Coron the Covered (level 4, -2/38 HPs)
             Began as a Deep Dwarf Wizard on Oct 31, 2019.
             Slain by a centaur (5 damage)
             ... on level 2 of the Dungeon.
             The game lasted 00:06:49 (1717 turns).

Coron the Covered (Deep Dwarf Wizard)               Turns: 1717, Time: 00:06:49

Health: -2/38      AC:  3    Str: 12    XL:     4   Next: 41%
Magic:  5/5        EV: 12    Int: 18    God:
Gold:   44         SH:  0    Dex: 11    Spells: 8/9 levels left

rFire    . . .     SeeInvis .   e - +0 spear
rCold    . . .     Gourm    .   (no shield)
rNeg     . . .     Faith    .   k - +0 leather armour
rPois    .         Spirit   .   b - +0 hat
rElec    .         Reflect  .   (no cloak)
rCorr    .         Harm     .   (no gloves)
MR       .....                  (no boots)
Stlth    ++........             (no amulet)
HPRegen  0.00/turn              (no ring)
MPRegen  0.09/turn              (no ring)

@: non-regenerating
A: damage resistance, heal wounds, sense surroundings 1, no regeneration
a: Heal Wounds


You were on level 2 of the Dungeon.
You were not hungry.

You visited 1 branch of the dungeon, and saw 2 of its levels.

You collected 44 gold pieces.

Inventory:

Hand Weapons
 e - a +0 spear (weapon)
Missiles
 g - 81 stones (quivered)
Armour
 a - a +0 robe
 b - a +0 hat (worn)
 h - a +0 ring mail
 i - a +0 scale mail
 j - a +2 ring mail of positive energy
 k - a +0 leather armour (worn)
Scrolls
 c - a scroll of identify
 m - a scroll of enchant armour {unknown}
Potions
 l - a potion of brilliance
Comestibles
 d - 2 rations


   Skills:
 - Level 1.0 Fighting
 + Level 3.7 Armour
 - Level 2.2 Dodging
 - Level 2.5 Stealth
 - Level 3.0 Spellcasting
 - Level 1.0 Conjurations
   Level 0.8 Summonings
   Level 1.1 Translocations


You had 8 spell levels left.
You knew the following spells:

 Your Spells              Type           Power        Failure   Level  Hunger
a - Magic Dart            Conj           #...         14%         1    None

Your spell library contained the following spells:

 Spells                   Type           Power        Failure   Level  Hunger
 Blink                    Tloc           N/A          21%         2    ##.....
 Call Imp                 Summ           #.......     22%         2    ##.....
 Slow                     Hex            #.......     30%         2    ##.....
 Conjure Flame            Conj/Fire      #.......     45%         3    ###....
 Mephitic Cloud           Conj/Pois/Air  #.......     47%         3    ###....


Dungeon Overview and Level Annotations

Branches:
Dungeon (2/15)

Altars:
Okawaru


Innate Abilities, Weirdness & Mutations

You are resistant to damage.
You can heal yourself by infusing magical energy.
You passively map a small area around you.
You do not regenerate.


Message History

You hit the centaur.
The centaur is moderately wounded.
The centaur misses you. The centaur barely misses you.
You closely miss the centaur.
The centaur is moderately wounded.
The centaur closely misses you. The centaur misses you.
You hit the centaur.
The centaur is heavily wounded.
The centaur hits you.
* * * LOW HITPOINT WARNING * * *
You hit the centaur.
The centaur is severely wounded.
The centaur closely misses you. The centaur hits you.
* * * LOW HITPOINT WARNING * * *
You closely miss the centaur.
The centaur is severely wounded.
The centaur hits you!
* * * LOW HITPOINT WARNING * * *
The centaur hits you!
You die...

####### #### #######
....... ...#
##.....###....... ...#
#......##.............
...#
#......##.c...........
...#
#..#.#.##@............
...#
##.._..##(...........r
...# #.#.#.##......(....,
...# #.....##.........,
...######.....##.#####.# ,
........'............>.#,
*
...######.....#..#.....#,*
...# #.....#..#.##.##, *
...# #######..#.<#..., * *


You could see a centaur.

Vanquished Creatures
  4 gnolls (D:2)
  An adder (D:2)
  An ooze (D:2)
  2 dart slugs
  A ball python (D:2)
  2 giant cockroaches
  5 goblins
  4 hobgoblins
  5 jackals (D:1)
  6 kobolds
  3 frilled lizards
  6 rats
40 creatures vanquished.

Notes
Turn   | Place    | Note
-------+----------+-------------------------------------------
     0 | D:1      | Coron the Deep Dwarf Wizard began the quest for the Orb.
     0 | D:1      | Reached XP level 1. HP: 15/15 MP: 4/4
   105 | D:1      | Reached skill level 1 in Conjurations
   393 | D:1      | Reached XP level 2. HP: 11/24 MP: 3/5
   718 | D:1      | Reached skill level 1 in Armour
   969 | D:1      | Reached skill level 1 in Fighting
  1391 | D:2      | Reached XP level 3. HP: 27/31 MP: 7/7
  1520 | D:2      | HP: 1/31 [gnoll/+0 club (5)]
  1538 | D:2      | Reached XP level 4. HP: 22/38 MP: 0/5
  1676 | D:2      | Found an iron altar of Okawaru.
  1692 | D:2      | Noticed a centaur
  1717 | D:2      | Slain by a centaur

Levels and vault maps discovered:
D:1:      onia_arrival_mini_spirals, layout_basic, minmay_misc_feat_roman
D:2:      layout_basic, amethyst_overflow_temple_binary, lemuel_crystal_altar,
          okawaru_metal_pillars_1_2, first_ration, minmay_split_cup_small

Skill      XL: |  1  2  3 |
---------------+----------+-----
Conjurations   | 1 |  1.0
Armour         | 2 3 |  3.7
Fighting       | 1 |  1.0
Spellcasting   | 3 |  3.0
Dodging        | |  2.2
Stealth        | |  2.5
Summonings     | |  0.8
Translocations | |  1.1

Action                   |  1- 3 |  4- 6 || total
-------------------------+-------+-------++-------
Melee: Unarmed           |     4 |       ||     4
       Spear             |   107 |    37 ||   144
Throw: Stone             |     1 |       ||     1
 Cast: Magic Dart        |    60 |     4 ||    64
 Abil: Heal Wounds       |    14 |     2 ||    16
  Use: Scroll            |     1 |     1 ||     2
  Eat: Chunk             |     2 |     1 ||     3
Armor: Leather armour    |    21 |     2 ||    23
       Robe              |     1 |       ||     1
Dodge: Dodged            |   159 |    32 ||   191
